 Dungeon Crawl Stone Soup version 0.32-a0-612-g1c984fe9d1 (webtiles) character file.

Game seed: 17695583162029242668

325 adelrune the Shooter (level 6, 0/48 HPs)
             Began as a Coglin Hunter on Mar 4, 2024.
             Slain by Pikel
             ... wielding a +0 whip of flaming
              (4 damage)
             ... on level 4 of the Dungeon.
             The game lasted 00:06:25 (2832 turns).

adelrune the Shooter (Coglin Hunter)                Turns: 2832, Time: 00:06:26

Health: 0/48       AC:  3    Str: 11    XL:     6   Next: 48%
Magic:  6/6        EV: 13    Int:  9    God:
Gold:   193        SH:  0    Dex: 19    Spells: 5/5 levels left

rFire   . . .        a - +2 sling {Hisao}
rCold   . . .        d - +0 sling {Else}
rNeg    . . .        c - +0 leather armour
rPois   .            (no helmet)
rElec   .            j - scarf {repulsion}
rCorr   .            (no gloves)
SInv    .            (no boots)
Will    .....        (amulet unavailable)
Stlth   ++           (ring unavailable)
HPRegen 0.28/turn    (ring unavailable)
MPRegen 0.10/turn    (no gizmo)

%: repel missiles
@: revved
A: off-hand wielding, slow wielding, warmup strikes, no jewellery
a: Invent Gizmo


You were on level 4 of the Dungeon.
You visited 1 branch of the dungeon, and saw 4 of its levels.

You collected 193 gold pieces.

Inventory:

Hand Weapons
 a - a +2 sling (weapon) {Hisao}
 d - a +0 sling (offhand) {Else}
Armour
 c - a +0 leather armour (worn)
 j - a scarf of repulsion (worn)
Wands
 n - a wand of mindburst (13)
Scrolls
 b - a scroll of butterflies
 f - 3 scrolls of teleportation {unknown}
 g - 2 scrolls of blinking {unknown}
 h - a scroll of summoning {unknown}
 m - 2 scrolls of identify {unknown}
 p - a scroll of immolation {unknown}
 q - a scroll of vulnerability {unknown}
Potions
 e - a potion of degeneration {unknown}
 i - 2 potions of curing {unknown}
 k - a potion of lignification {unknown}
 l - a potion of cancellation {unknown}
 o - a potion of heal wounds {unknown}


   Skills:
 + Level 3.6 Fighting
 * Level 5.5 Ranged Weapons
 + Level 3.3 Dodging
 - Level 0.7 Stealth


You had 5 spell levels left.
You didn't know any spells.
Your spell library contained the following spells:

 Spells                   Type           Power      Damage    Failure   Level
 Freeze                   Ice            0%         1d3       47%         1
 Slow                     Hex            0%         N/A       47%         1
 Lesser Beckoning         Tloc           0%         N/A       63%         2
 Confusing Touch          Hex            0%         N/A       85%         3
 Gell's Gravitas          Tloc           0%         N/A       85%         3
 Sigil of Binding         Hex            0%         N/A       85%         3
 Teleport Other           Tloc           0%         N/A       85%         3
 Vampiric Draining        Necr           0%         2d6       85%         3
 Metabolic Englaciation   Hex/Ice        0%         N/A       100%        5
 Dispersal                Tloc           0%         N/A       100%        6
 Chain Lightning          Conj/Air       0%         N/A       100%        9
 Fire Storm               Conj/Fire      0%         5d1       100%        9
 Polar Vortex             Ice            0%         N/A       100%        9
 Shatter                  Erth           0%         3d5*      100%        9


Dungeon Overview and Level Annotations

Branches:
Dungeon (4/15)
 Temple: D:4-7

Altars:
Cheibriados
Elyvilon
Uskayaw

Annotations:
D:3 3 runed translucent doors, Vadun's ghost, amateur MiFi
D:4 Pikel


Innate Abilities, Weirdness & Mutations

You can wield a second weapon in your off-hand.
It takes a long time for you to wield or remove held weapons.
Your first few attacks do less damage.
You cannot equip rings or amulets.


Message History

Pikel hits you with a +0 whip of flaming!
Pikel burns you.
You are too injured to fight recklessly!
You are too injured to fight recklessly!
You are too injured to fight recklessly!
Pikel attacks as he pursues you! Pikel barely misses you.
There is an open door here.
You see here a +0 giant spiked club.
You shoot a sling bullet.
The sling bullet hits Pikel but does no damage.
Pikel is severely wounded.
You shoot a sling bullet.
The sling bullet hits Pikel but does no damage.
Pikel is severely wounded.
Pikel misses you.
You shoot a sling bullet.
The sling bullet hits Pikel but does no damage.
Pikel is severely wounded.
You shoot a sling bullet. The sling bullet closely misses Pikel.
The sling bullet closely misses the lemure.
Pikel hits you with a +0 whip of flaming.
Pikel burns you.
You shoot a sling bullet. The sling bullet hits Pikel.
Pikel is severely wounded.
You shoot a sling bullet. The sling bullet barely misses Pikel.
The sling bullet barely misses the lemure.
Pikel misses you.
Pikel hits you with a +0 whip of flaming.
Pikel burns you.
* * * LOW HITPOINT WARNING * * *
You shoot a sling bullet. The sling bullet barely misses Pikel.
The sling bullet closely misses the lemure.
You shoot a sling bullet.
The sling bullet hits Pikel but does no damage.
Pikel is severely wounded.
Pikel hits you with a +0 whip of flaming!
* * * LOW HITPOINT WARNING * * *
Pikel burns you.
You die...
Pikel says, "Another soul for the market."

###.....# #######
..#.....# #.....#
..#.....# #.....#
..#.....# #.....#
..#.....# #.....#
..#.....# #.....#
..#.....# #.....#
..'.....# #...@.#
###.....########K#######
.....#'#.......55...)..#
.....#...#.............#
.....#...#.............#
.....#...#.....).......#
.....#...#.............#
.....+...#.............+
.....#...#.............#


You could see Pikel and 2 lemures.

Vanquished Creatures
  An ogre (D:4)
  2 lemures (D:3)
  A scorpion (D:4)
  A bombardier beetle (D:4)
  An iguana (D:4)
  Natasha (D:2)
  2 adders
  4 dart slugs
  9 orcs
  6 endoplasms
  2 giant cockroaches
  6 goblins
  5 hobgoblins
  3 jackals (D:4)
  A quokka (D:3)
  4 ball pythons
  6 bats
  6 frilled lizards
  7 kobolds
  5 rats
73 creatures vanquished.

Notes
Turn   | Place    | Note
-------+----------+-------------------------------------------
     0 | D:1      | adelrune the Coglin Hunter began the quest for the Orb.
     0 | D:1      | Reached XP level 1. HP: 16/16 MP: 1/1
    64 | D:1      | Found a faded altar of an unknown god.
   146 | D:1      | Reached XP level 2. HP: 22/22 MP: 2/2
   472 | D:1      | Reached skill level 4 in Ranged Weapons
   572 | D:1      | Got the Vellum of Hypothermia
   680 | D:1      | Reached XP level 3. HP: 28/28 MP: 3/3
  1435 | D:3      | Noticed Natasha
  1471 | D:2      | Killed Natasha
  1472 | D:2      | Reached XP level 4. HP: 23/34 MP: 4/4
  1706 | D:3      | Found a runed translucent gate.
  1706 | D:3      | Found a runed translucent gate.
  1707 | D:3      | Found a runed translucent gate.
  1708 | D:3      | Noticed Vadun's ghost (amateur MiFi)
  1906 | D:3      | Found a snail-covered altar of Cheibriados.
  1992 | D:3      | Found a hide-covered altar of Uskayaw.
  1993 | D:3      | Identified the scarf of the Jocular God {+Inv, -Tele rElec
                  | rN+++ Will-}
  2004 | D:3      | Found a white marble altar of Elyvilon.
  2007 | D:3      | Identified the +5 short sword of Exquisite Torment {venom,
                  | Int+3 Stlth+}
  2315 | D:4      | Noticed a scorpion
  2322 | D:4      | Killed a scorpion
  2323 | D:4      | Reached XP level 5. HP: 33/41 MP: 5/5
  2401 | D:4      | Noticed a lemure
  2420 | D:3      | Killed a lemure
  2488 | D:4      | Noticed a lemure
  2505 | D:3      | Killed a lemure
  2599 | D:4      | Reached skill level 5 in Ranged Weapons
  2673 | D:4      | Reached XP level 6. HP: 47/47 MP: 6/6
  2817 | D:4      | Noticed Pikel
  2832 | D:4      | Slain by Pikel

Illustrated notes

Levels and vault maps discovered:
D:1:      lightli_arrival_boilingwater, layout_basic, basic_ecumenical_altar,
          serial_bayou, serial_bayou_shore_a, serial_bayou_lagoon_a,
          serial_bayou_crossing, serial_bayou_ford_a
D:2:      layout_basic, serial_aquarium, aquarium_bridge_square
          [aquarium_subvault_wall, aquarium_subvault_wall,
          aquarium_subvault_bridge, aquarium_subvault_bridge],
          aquarium_bridge_straight [aquarium_subvault_bridge,
          aquarium_subvault_wall, aquarium_subvault_bridge,
          aquarium_subvault_window], aquarium_window_fake, aquarium_window_fake,
          aquarium_window_fake, aquarium_window_2, aquarium_view_2b,
          aquarium_pool_2
D:3:      layout_loops_ring, mainiacjoe_overflow_swirl,
          mainiacjoe_overflow_alcove_4, ebering_ghost_rock_garden, uniq_natasha
D:4:      layout_gridville, minmay_bisected, uniq_pikel

Skill      XL: |  1  2  3  4  5 |
---------------+----------------+-----
Dodging        | 2 3 |  3.3
Ranged Weapons | 4 5 |  5.5
Fighting       | 3 |  3.6
Stealth        | |  0.7

Action                     |  1- 3 |  4- 6 || total
---------------------------+-------+-------++-------
   Fire: Sling             |   118 |   262 ||   380
 Armour: Leather armour    |     9 |    18 ||    27
  Dodge: Dodged            |    10 |    22 ||    32
         Repelled          |       |     3 ||     3

Table legend: (Time is in decaauts)
 A = Elapsed time spent in this place.
 B = Non-inter-level travel time spent in this place.
 C = Inter-level travel time spent in this place.
 D = Time resting spent in this place.
 E = Time spent auto-exploring this place.
 F = Levels seen in this place.
 G = Mean time per level.
                   A        B        C        D        E       F      G
               +--------+--------+--------+--------+--------+-----+--------+
         Total |   2924 |   2804 |    120 |    216 |   2073 |   4 |  731.0 |
       Dungeon |   2924 |   2804 |    120 |    216 |   2073 |   4 |  731.0 |
               +--------+--------+--------+--------+--------+-----+--------+

Top non-repeatable levels by time:
     D:3: 1016 daAuts
     D:1: 875 daAuts
     D:2: 680 daAuts
     D:4: 353 daAuts
